PA
TENNESSEE SMOKIES @ ROCKY MOUNTAIN VIBES
08/17/2041
 
TOP OF THE 1ST
Tennessee Smokies batting - Pitching for Rocky Mountain Vibes : RHP Juan Carmona
Pitching: RHP Juan Carmona
Batting: LHB Royce Rolls 0-0: Called Strike
0-1: Called Strike
0-2: Strikes out looking
Batting: RHB Lorenzo Gaona 0-0: Called Strike
0-1: Ball
1-1: Fly out, F9 (Flyball, 89S, EV 93.1 MPH)
Batting: RHB Ricardo Ojíto 0-0: Called Strike
0-1: Ball
1-1: Ball
2-1: Ball
3-1: Ground out 4-3 (Groundball, 4, EV 86.2 MPH)
Top of the 1st over - 0 runs, 0 hits, 0 errors, 0 left on base; Tennessee 0 - Rocky Mountain 0
BOTTOM OF THE 1ST
Rocky Mountain Vibes batting - Pitching for Tennessee Smokies : LHP Morgan Novak
Pitching: LHP Morgan Novak
Batting: RHB Mark Fontenot 0-0: Foul Ball, location: 2F
0-1: DOUBLE (Flyball, 89D, EV 108.8 MPH)
Batting: RHB Uoti Vaijärvi 0-0: Fly out, F7 (Flyball, 7LS, EV 91.9 MPH)
Batting: RHB Magnus Fjord 0-0: Called Strike
0-1: Ball
1-1: Called Strike
1-2: SINGLE (Flyball, 89M, EV 90.0 MPH)
Mark Fontenot to third
Batting: RHB Juan Sierra 0-0: Ball
1-0: Ball
2-0: Fly out, F8 (Flyball, 8LD, EV 98.1 MPH)
Runner from 3rd tags up, SCORES, throw by CF
Batting: RHB Daniel Morel 0-0: Fly out, F8 (Flyball, 8RD, EV 87.5 MPH)
Bottom of the 1st over - 1 run, 2 hits, 0 errors, 1 left on base; Tennessee 0 - Rocky Mountain 1
TOP OF THE 2ND
Tennessee Smokies batting - Pitching for Rocky Mountain Vibes : RHP Juan Carmona
Batting: RHB Habib Othman 0-0: Foul Ball, location: 2F
0-1: Foul Ball, location: 2F
0-2: Foul Ball, location: 2F
0-2: Strikes out swinging
Batting: RHB Randy Moore 0-0: Foul Ball, location: 2F
0-1: Foul Ball, location: 2F
0-2: Foul Ball, location: 2F
0-2: Ball
1-2: Strikes out swinging
Batting: LHB Jason Durkin 0-0: Ball
1-0: Called Strike
1-1: Fly out, F9 (Flyball, 9, EV 84.4 MPH)
Top of the 2nd over - 0 runs, 0 hits, 0 errors, 0 left on base; Tennessee 0 - Rocky Mountain 1
BOTTOM OF THE 2ND
Rocky Mountain Vibes batting - Pitching for Tennessee Smokies : LHP Morgan Novak
Batting: LHB Alexandre Prost 0-0: Swinging Strike
0-1: Swinging Strike
0-2: Strikes out swinging
Batting: RHB David Mooney 0-0: Called Strike
0-1: Ball
1-1: Bunt missed!
1-2: Strikes out looking
Batting: SHB William Anderson 0-0: Ball
1-0: Called Strike
1-1: Foul Ball, location: 2F
1-2: Fly out, F9 (Flyball, 9LSF, EV 78.8 MPH)
Bottom of the 2nd over - 0 runs, 0 hits, 0 errors, 0 left on base; Tennessee 0 - Rocky Mountain 1
TOP OF THE 3RD
Tennessee Smokies batting - Pitching for Rocky Mountain Vibes : RHP Juan Carmona
Batting: RHB Benigno Bachelay 0-0: Ball
1-0: Swinging Strike
1-1: Foul Ball, location: 2F
1-2: Foul Ball, location: 2F
1-2: Strikes out swinging
Batting: RHB Erwan Michel 0-0: Ball
1-0: Ball
2-0: Ball
3-0: Base on Balls
Batting: RHB Pablo Morterero 0-0: Called Strike
0-1: SINGLE (Groundball, 6MD, EV 102.5 MPH)
Erwan Michel to second
Runner from 2nd tries for 3rd, SAFE, no throw by CF
Batting: LHB Royce Rolls 0-0: Ball
1-0: Called Strike
1-1: Ball
2-1: Swinging Strike
2-2: Strikes out swinging
Batting: RHB Lorenzo Gaona 0-0: Ball
1-0: DOUBLE (Groundball, 5L, EV 101.9 MPH)
Erwan Michel scores
Pablo Morterero to third
Runner from 3rd tries for Home, SAFE, throw by LF to home
Batting: RHB Ricardo Ojíto 0-0: Foul Ball, location: 2F
0-1: Fly out, F9 (Flyball, 89XD, EV 95.6 MPH)
Top of the 3rd over - 2 runs, 2 hits, 0 errors, 1 left on base; Tennessee 2 - Rocky Mountain 1
BOTTOM OF THE 3RD
Rocky Mountain Vibes batting - Pitching for Tennessee Smokies : LHP Morgan Novak
Batting: RHB Eugene Taylor 0-0: Ball
1-0: Ground out 5-3 (Groundball, 5, EV 104.4 MPH)
Batting: RHB Mark Fontenot 0-0: Ball
1-0: Foul Ball, location: 2F
1-1: SINGLE (Line Drive, 89S, EV 100.6 MPH)
Batting: RHB Uoti Vaijärvi 0-0: Ball
1-0: Called Strike
1-1: Foul Ball, location: 2F
1-2: Foul Ball, location: 2F
1-2: Ball
2-2: Ball
3-2: Strikes out looking
Mark Fontenot is caught stealing 2nd base 2-4
Batter strikes out.
Bottom of the 3rd over - 0 runs, 1 hit, 0 errors, 0 left on base; Tennessee 2 - Rocky Mountain 1
TOP OF THE 4TH
Tennessee Smokies batting - Pitching for Rocky Mountain Vibes : RHP Juan Carmona
Batting: RHB Habib Othman 0-0: Fly out, F9 (Flyball, 9D, EV 91.2 MPH)
Batting: RHB Randy Moore 0-0: Ball
1-0: Ball
2-0: Ball
3-0: Base on Balls
Batting: LHB Jason Durkin 0-0: Called Strike
0-1: Ball
Pickoff Throw to First - Out! 1-3
1-1: Ball
2-1: Foul Ball, location: 2F
2-2: Ground out 4-3 (Groundball, 34, EV 85.6 MPH)
Top of the 4th over - 0 runs, 0 hits, 0 errors, 0 left on base; Tennessee 2 - Rocky Mountain 1
BOTTOM OF THE 4TH
Rocky Mountain Vibes batting - Pitching for Tennessee Smokies : LHP Morgan Novak
Batting: RHB Magnus Fjord 0-0: Called Strike
0-1: Fly out, F8 (Flyball, 8RM, EV 93.8 MPH)
Batting: RHB Juan Sierra 0-0: Foul Ball, location: 2F
0-1: Called Strike
0-2: Ball
1-2: SINGLE (Line Drive, 56D, EV 99.4 MPH)
Batting: RHB Daniel Morel 0-0: Ball
1-0: Ball
2-0: Fly out, F9 (Flyball, 9S, EV 81.2 MPH)
Batting: LHB Alexandre Prost 0-0: Called Strike
0-1: SINGLE (Groundball, 6, EV 103.8 MPH) (infield hit)
Juan Sierra to second
Batting: RHB David Mooney 0-0: Ball
1-0: Ball
2-0: Called Strike
2-1: Ball
3-1: Base on Balls
Juan Sierra to third
Alexandre Prost to second
Batting: SHB William Anderson 0-0: Foul Ball, location: 2F
0-1: Ball
1-1: Foul Ball, location: 2F
1-2: Foul Ball, location: 2F
1-2: Ball
2-2: Fly out, F8 (Flyball, 8LXD, EV 89.4 MPH)
Bottom of the 4th over - 0 runs, 2 hits, 0 errors, 3 left on base; Tennessee 2 - Rocky Mountain 1
TOP OF THE 5TH
Tennessee Smokies batting - Pitching for Rocky Mountain Vibes : RHP Juan Carmona
Batting: RHB Benigno Bachelay 0-0: Called Strike
0-1: Fly out, F3 (Popup, 3SF, EV 85.6 MPH)
Batting: RHB Erwan Michel 0-0: Ball
1-0: Foul Ball, location: 2F
1-1: Foul Ball, location: 2F
1-2: Ball
2-2: Strikes out swinging
Batting: RHB Pablo Morterero 0-0: Ball
1-0: Ground out 6-3 (Groundball, 6, EV 76.2 MPH)
Top of the 5th over - 0 runs, 0 hits, 0 errors, 0 left on base; Tennessee 2 - Rocky Mountain 1
BOTTOM OF THE 5TH
Rocky Mountain Vibes batting - Pitching for Tennessee Smokies : LHP Morgan Novak
Batting: RHB Eugene Taylor 0-0: Called Strike
0-1: Swinging Strike
0-2: Strikes out swinging
Batting: RHB Mark Fontenot 0-0: Ball
1-0: Ball
2-0: Ball
3-0: Called Strike
3-1: SINGLE (Groundball, 56S, EV 66.9 MPH) (infield hit)
Batting: RHB Uoti Vaijärvi 0-0: Ball
1-0: Called Strike
1-1: Foul Ball, location: 2F
1-2: Foul Ball, location: 2F
1-2: SINGLE (Groundball, 6MD, EV 95.6 MPH)
Mark Fontenot to second
Runner from 2nd tries for 3rd, SAFE, no throw by CF
Batting: RHB Magnus Fjord 0-0: Fly out, F4 (Popup, 4, EV 66.9 MPH)
Batting: RHB Juan Sierra 0-0: Ball
1-0: Ball
2-0: Ball
3-0: Base on Balls
Uoti Vaijärvi to second
Batting: RHB Daniel Morel 0-0: Ball
1-0: Called Strike
1-1: Fly out, F7 (Flyball, 78M, EV 84.4 MPH)
Bottom of the 5th over - 0 runs, 2 hits, 0 errors, 3 left on base; Tennessee 2 - Rocky Mountain 1
TOP OF THE 6TH
Tennessee Smokies batting - Pitching for Rocky Mountain Vibes : RHP Juan Carmona
Batting: LHB Royce Rolls 0-0: Foul Ball, location: 2F
0-1: Ball
1-1: Called Strike
1-2: Ball
2-2: Strikes out swinging
Batting: RHB Lorenzo Gaona 0-0: Ball
1-0: Foul Ball, location: 2F
1-1: Called Strike
1-2: Foul Ball, location: 2F
1-2: Ball
2-2: Strikes out looking
Batting: RHB Ricardo Ojíto 0-0: Ground out U3 (Groundball, 3L, EV 87.5 MPH)
Top of the 6th over - 0 runs, 0 hits, 0 errors, 0 left on base; Tennessee 2 - Rocky Mountain 1
BOTTOM OF THE 6TH
Rocky Mountain Vibes batting - Pitching for Tennessee Smokies : LHP Morgan Novak
Batting: LHB Alexandre Prost 0-0: Foul Ball, location: 2F
0-1: Foul Ball, location: 2F
0-2: Strikes out swinging
Batting: RHB David Mooney 0-0: Called Strike
0-1: Bunt for hit to 13 - play at first, batter safe!
Batting: SHB William Anderson 0-0: Ball
1-0: Swinging Strike
1-1: Ball
2-1: Called Strike
2-2: Ball
3-2: SINGLE (Line Drive, 78S, EV 89.4 MPH)
David Mooney to second
Batting: RHB Eugene Taylor 0-0: Ball
1-0: Ground out U3 (Groundball, 34, EV 83.1 MPH)
David Mooney to third
William Anderson to second
Batting: RHB Mark Fontenot 0-0: Called Strike
0-1: Ball
1-1: Ground out 6-3 (Groundball, 6, EV 83.8 MPH)
Bottom of the 6th over - 0 runs, 2 hits, 0 errors, 2 left on base; Tennessee 2 - Rocky Mountain 1
TOP OF THE 7TH
Tennessee Smokies batting - Pitching for Rocky Mountain Vibes : RHP Juan Carmona
Batting: RHB Habib Othman 0-0: Called Strike
0-1: Ball
1-1: Fly out, F9 (Line Drive, 9D, EV 97.5 MPH)
Batting: RHB Randy Moore 0-0: Ball
1-0: SOLO HOME RUN (Flyball, 78XD, EV 101.9 MPH), Distance : 454 ft
Batting: LHB Jason Durkin 0-0: Ball
1-0: Swinging Strike
1-1: Foul Ball, location: 2F
1-2: Foul Ball, location: 2F
1-2: Ball
2-2: Ball
3-2: Ground out 4-3 (Groundball, 4, EV 103.8 MPH)
Batting: RHB Benigno Bachelay 0-0: Ball
1-0: Foul Ball, location: 2F
1-1: Ground out 4-3 (Groundball, 4M, EV 90.6 MPH)
Top of the 7th over - 1 run, 1 hit, 0 errors, 0 left on base; Tennessee 3 - Rocky Mountain 1
BOTTOM OF THE 7TH
Rocky Mountain Vibes batting - Pitching for Tennessee Smokies : LHP Morgan Novak
Batting: RHB Uoti Vaijärvi 0-0: Ball
1-0: Called Strike
1-1: Foul Ball, location: 2F
1-2: Ball
2-2: Ball
3-2: Foul Ball, location: 2F
3-2: Base on Balls
Pitching: RHP Richard Surgener
Batting: RHB Magnus Fjord 0-0: Ball
1-0: Called Strike
1-1: Ball
2-1: Foul Ball, location: 2F
2-2: Ball
3-2: SINGLE (Line Drive, 6D, EV 95.0 MPH)
Uoti Vaijärvi to second
Batting: RHB Juan Sierra 0-0: Called Strike
0-1: Foul Ball, location: 2F
0-2: Foul Ball, location: 2F
0-2: Fly out, F3 (Popup, 3S, EV 74.4 MPH)
Batting: RHB Daniel Morel 0-0: Called Strike
0-1: Ball
1-1: Ball
2-1: Foul Ball, location: 2F
2-2: Foul Ball, location: 2F
2-2: Ball
3-2: Foul Ball, location: 2F
3-2: Base on Balls
Uoti Vaijärvi to third
Magnus Fjord to second
Batting: LHB Alexandre Prost 0-0: Foul Ball, location: 2F
0-1: Ball
1-1: Ball
2-1: Grounds into fielders choice 3-2 (Groundball, 3, EV 81.9 MPH)
Magnus Fjord to third
Daniel Morel to second
Batting: RHB David Mooney 0-0: Called Strike
0-1: SINGLE (Flyball, 78S, EV 93.1 MPH)
Magnus Fjord scores
Daniel Morel to third
Alexandre Prost to second
Runner from 3rd tries for Home, throw by CF and OUT! 8-2
Bottom of the 7th over - 1 run, 2 hits, 0 errors, 2 left on base; Tennessee 3 - Rocky Mountain 2
TOP OF THE 8TH
Tennessee Smokies batting - Pitching for Rocky Mountain Vibes : RHP Juan Carmona
Batting: RHB Erwan Michel 0-0: Called Strike
0-1: Ball
1-1: Ball
2-1: Called Strike
2-2: Strikes out swinging
Batting: RHB Pablo Morterero 0-0: Ground out 6-3 (Groundball, 6, EV 82.5 MPH)
Batting: LHB Royce Rolls 0-0: Ball
1-0: Called Strike
1-1: Ball
2-1: Foul Ball, location: 2F
2-2: Foul Ball, location: 2F
2-2: Ball
3-2: Foul Ball, location: 2F
3-2: Base on Balls
Pitching: RHP Ian Carr
Batting: RHB Lorenzo Gaona 0-0: Ball
1-0: Ball
2-0: Ball
3-0: Called Strike
3-1: Foul Ball, location: 2F
3-2: Strikes out swinging
Top of the 8th over - 0 runs, 0 hits, 0 errors, 1 left on base; Tennessee 3 - Rocky Mountain 2
BOTTOM OF THE 8TH
Rocky Mountain Vibes batting - Pitching for Tennessee Smokies : RHP Richard Surgener
Now at 2B: Raúl Yánez
Batting: SHB William Anderson 0-0: Swinging Strike
0-1: Foul Ball, location: 2F
0-2: Foul Ball, location: 2F
0-2: Ball
1-2: Ball
2-2: Ground out 4-3 (Groundball, 4, EV 84.4 MPH)
Batting: RHB Eugene Taylor 0-0: Called Strike
0-1: Foul Ball, location: 2F
0-2: Ball
1-2: Ball
2-2: Ball
3-2: Base on Balls
Pitching: RHP Mitchell Isaacs
Batting: RHB Mark Fontenot 0-0: Ball
1-0: Foul Ball, location: 2F
1-1: Foul Ball, location: 2F
1-2: Strikes out swinging
Batting: RHB Uoti Vaijärvi 0-0: Called Strike
0-1: Swinging Strike
0-2: Ball
1-2: Ball
2-2: Ground out 4-3 (Groundball, 4S, EV 85.6 MPH)
Bottom of the 8th over - 0 runs, 0 hits, 0 errors, 1 left on base; Tennessee 3 - Rocky Mountain 2
TOP OF THE 9TH
Tennessee Smokies batting - Pitching for Rocky Mountain Vibes : RHP Ian Carr
Batting: RHB Ricardo Ojíto 0-0: Ball
1-0: Ball
2-0: Ball
3-0: Called Strike
3-1: SINGLE (Line Drive, 7LS, EV 111.2 MPH)
Batting: RHB Habib Othman 0-0: Fly out, F8 (Line Drive, 8LM, EV 100.6 MPH)
Batting: RHB Randy Moore 0-0: Called Strike
0-1: Ball
1-1: Foul Ball, location: 2F
1-2: Foul Ball, location: 2F
1-2: Strikes out swinging
Batting: LHB Jason Durkin 0-0: Foul Ball, location: 2F
0-1: Foul Ball, location: 2F
0-2: Foul Ball, location: 2F
0-2: Foul Ball, location: 2F
0-2: Ball
1-2: Strikes out swinging
Top of the 9th over - 0 runs, 1 hit, 0 errors, 1 left on base; Tennessee 3 - Rocky Mountain 2
BOTTOM OF THE 9TH
Rocky Mountain Vibes batting - Pitching for Tennessee Smokies : RHP Mitchell Isaacs
Pitching: RHP Steve Davis
Now in RF: Emílio Vivas
Batting: RHB Magnus Fjord 0-0: Ball
1-0: Fly out, F9 (Flyball, 9, EV 86.9 MPH)
Batting: RHB Juan Sierra 0-0: Ball
1-0: Ball
2-0: Foul Ball, location: 2F
2-1: Ball
3-1: Called Strike
3-2: SINGLE (Line Drive, 3D, EV 106.2 MPH)
Batting: RHB Daniel Morel 0-0: Ball
1-0: Swinging Strike
1-1: Ball
Wild Pitch!
Juan Sierra to second
2-1: Ball
3-1: Ground out 6-3 (Groundball, 6, EV 93.1 MPH)
Juan Sierra to third
Batting: LHB Alexandre Prost 0-0: Ball
1-0: Swinging Strike
1-1: Hit by Pitch
Batting: RHB David Mooney 0-0: SINGLE (Flyball, 8LS, EV 91.9 MPH)
Juan Sierra scores
Alexandre Prost to second
Batting: SHB William Anderson 0-0: Ball
1-0: Ball
2-0: Ball
3-0: Base on Balls
Alexandre Prost to third
David Mooney to second
Pinch Hitting: RHB Benoît Baudry 0-0: Ball
1-0: Ball
2-0: Foul Ball, location: 2F
2-1: Swinging Strike
2-2: Ball
3-2: Strikes out looking
Bottom of the 9th over - 1 run, 2 hits, 0 errors, 3 left on base; Tennessee 3 - Rocky Mountain 3
TOP OF THE 10TH
Tennessee Smokies batting - Pitching for Rocky Mountain Vibes : RHP Ian Carr
Pitching: LHP Kenny Pollock
Now in LF: Benoît Baudry
Batting: RHB Benigno Bachelay 0-0: Swinging Strike
0-1: Swinging Strike
0-2: Strikes out swinging
Batting: RHB Raúl Yánez 0-0: Ball
1-0: Called Strike
1-1: Foul Ball, location: 2F
1-2: Ball
2-2: Strikes out swinging
Batting: RHB Pablo Morterero 0-0: Ball
1-0: Foul Ball, location: 2F
1-1: Ball
2-1: Swinging Strike
2-2: Foul Ball, location: 2F
2-2: Foul Ball, location: 2F
2-2: Ball
3-2: Ground out 6-3 (Groundball, 6, EV 104.4 MPH)
Top of the 10th over - 0 runs, 0 hits, 0 errors, 0 left on base; Tennessee 3 - Rocky Mountain 3
BOTTOM OF THE 10TH
Rocky Mountain Vibes batting - Pitching for Tennessee Smokies : RHP Steve Davis
Pitching: LHP Hugh Hudson
Batting: RHB Mark Fontenot 0-0: Foul Ball, location: 2F
0-1: Fly out, F8 (Flyball, 8RD, EV 95.6 MPH)
Batting: RHB Uoti Vaijärvi 0-0: Ground out 1-3 (Groundball, 34S, EV 61.9 MPH)
Batting: RHB Magnus Fjord 0-0: Ground out 6-3 (Groundball, 6, EV 87.5 MPH)
Bottom of the 10th over - 0 runs, 0 hits, 0 errors, 0 left on base; Tennessee 3 - Rocky Mountain 3
TOP OF THE 11TH
Tennessee Smokies batting - Pitching for Rocky Mountain Vibes : LHP Kenny Pollock
Pitching: RHP José Luján
Batting: LHB Royce Rolls 0-0: Ball
1-0: Swinging Strike
1-1: Called Strike
1-2: Fly out, F6 (Popup, 6D, EV 50.6 MPH)
Batting: RHB Lorenzo Gaona 0-0: Swinging Strike
0-1: Fly out, F8 (Flyball, 8RD, EV 91.9 MPH)
Pinch Hitting: SHB Rafael Villa 0-0: Called Strike
0-1: Ball
1-1: Called Strike
1-2: Strikes out swinging
Top of the 11th over - 0 runs, 0 hits, 0 errors, 0 left on base; Tennessee 3 - Rocky Mountain 3
BOTTOM OF THE 11TH
Rocky Mountain Vibes batting - Pitching for Tennessee Smokies : LHP Hugh Hudson
Now in CF: Terjo Ridanpää
Batting: RHB Juan Sierra 0-0: Ball
1-0: Foul Ball, location: 2F
1-1: Foul Ball, location: 2F
1-2: Ball
2-2: Fly out, F9 (Flyball, 89M, EV 79.4 MPH)
Batting: RHB Daniel Morel 0-0: Ball
1-0: Foul Ball, location: 2F
1-1: Ball
2-1: Ball
3-1: Called Strike
3-2: DOUBLE (Flyball, 8RXD, EV 91.9 MPH) - OUT at third base trying to stretch hit.
Pinch Hitting: RHB Ricardo Urquijo 0-0: Called Strike
0-1: Ball
1-1: Called Strike
1-2: Ball
2-2: TRIPLE (Line Drive, 89XD, EV 96.9 MPH)
Batting: RHB David Mooney 0-0: Intentional Walk
Batting: SHB William Anderson 0-0: Ball
1-0: Foul Ball, location: 2F
1-1: Ball
2-1: Ball
3-1: Base on Balls
David Mooney to second
Batting: RHB Benoît Baudry 0-0: Ball
1-0: Called Strike
1-1: SINGLE (Groundball, 6MD, EV 108.1 MPH)
Ricardo Urquijo scores
Tuesday, January 5th, 2021 - OOTP Baseball 20.8 Build 74